[Event "42nd Olympiad Baku 2016 Open"]
[Site "Baku"]
[Date "2016.09.04"]
[Round "3.8"]
[White "Kwon, Sehyun"]
[Black "Chinchilla Miranda, Eugenio"]
[Result "1-0"]
[ECO "C77"]
[WhiteElo "2111"]
[BlackElo "2214"]
[Annotator ""]
[PlyCount "77"]
[EventDate "2016.??.??"]
[EventCountry "AZE"]
[SourceTitle "playchess.com"]
[Source "ChessBase"]
[WhiteTeam "Korea"]
[BlackTeam "Costa Rica"]
[WhiteTeamCountry "KOR"]
[BlackTeamCountry "CRI"]
[TimeControl "40/5400+30:1800+30"]

1. e4 {(00:00)} e5 {(00:00)} 2. Nf3 {(00:04)} Nc6 {
(00:00)} 3. Bb5 {(00:31)} a6 {(00:00)} 4. Ba4 {(00:
06)} Nf6 {(00:04)} 5. d3 {(00:07)} d6 {(00:24)} 6. c3 {
(02:39)} g6 {(00:48)} 7. O-O {(02:11)} Bg7 {(00:12]
} 8. Re1 {(03:46)} O-O {(00:15)} 9. d4 {(01:52)} b5 {
(02:17)} 10. Bb3 {(01:31)} Bg4 {(03:19)} 11. Be3 {(
08:35)} exd4 {(02:55)} 12. cxd4 {(01:01)} Na5 {(01:31)}
13. Nbd2 {(09:35)} Nxb3 {(02:16)} 14. axb3 {(00:14)} Re8 {
(06:10)} 15. h3 {(00:35)} Bc8 {(02:32)} 16. Qc2 {(
08:28)} d5 {(10:16)} 17. e5 {(02:03)} Bf5 {(10:06)} 18.
Qc3 {(02:06)} Ne4 {(07:19)} 19. Nxe4 {(00:39)} Bxe4 {
(08:16)} 20. Nd2 {(00:46)} Qe7 {(07:35)} 21. Rec1 {
(05:07)} f6 {(10:49)} 22. exf6 {(10:23)} Qxf6 {(06:
06)} 23. Qxc7 {(00:52)} Re6 {(01:34)} 24. Nxe4 {(05:01)}
Rxe4 {(01:24)} 25. Qb7 {(00:38)} Rae8 {(08:36)} 26. Rxa6 {
(01:14)} Qf7 {(04:21)} 27. Rc7 {(02:12)} R4e7 {(00:
21)} 28. Rxe7 {(00:26)} Rxe7 {(01:02)} 29. Qxb5 {(00:16)}
h5 {(00:48)} 30. Qd3 {(04:21)} Kh7 {(00:27)} 31. b4 {
(00:24)} Rb7 {(03:03)} 32. b5 {(00:16)} Bf6 {(00:
14)} 33. b6 {(04:12)} Qd7 {(00:47)} 34. Bd2 {(02:13)} Qc6
{(00:39)} 35. Ba5 {(05:14)} Qc1+ {(00:12)} 36. Kh2 {
(01:00)} Qf4+ {(00:01)} 37. Qg3 {(02:55)} Qxd4 {(
00:47)} 38. Bc3 {(00:40)} Qc4 {(01:02)} 39. Ra7 {(00:18)}
1-0

[Event "42nd Olympiad Baku 2016 Open"]
[Site "Baku"]
[Date "2016.09.04"]
[Round "3.11"]
[White "Lamawansa, Yasas"]
[Black "Pierre, Jn Claude"]
[Result "1-0"]
[ECO "E09"]
[WhiteElo "2052"]
[BlackElo "1912"]
[Annotator ""]
[PlyCount "89"]
[EventDate "2016.??.??"]
[EventCountry "AZE"]
[SourceTitle "playchess.com"]
[Source "ChessBase"]
[WhiteTeam "Sri Lanka"]
[BlackTeam "Haiti"]
[WhiteTeamCountry "SRI"]
[BlackTeamCountry "HAI"]
[TimeControl "40/5400+30:1800+30"]

1. d4 {(00:00)} Nf6 {(00:06)} 2. c4 {(00:12)} e6 {(
00:42)} 3. g3 {(00:08)} d5 {(00:36)} 4. Nf3 {(00:07)} Be7
{(00:23)} 5. Bg2 {(00:06)} c6 {(00:31)} 6. O-O O-O {
(00:08)} 7. Qc2 {(00:16)} Nbd7 {(00:24)} 8. Nbd2 {(
00:08)} Re8 {(00:08)} 9. e4 {(00:19)} dxe4 {(00:16)} 10.
Nxe4 {(00:02)} Nxe4 {(01:40)} 11. Qxe4 {(00:01)} Nf6 {
(00:22)} 12. Qc2 {(00:09)} c5 {(01:28)} 13. Rd1 {(
00:30)} cxd4 {(02:08)} 14. Nxd4 {(00:40)} Qb6 {(03:04)}
15. Nb5 {(32:16)} a6 {(12:12)} 16. Be3 {(01:09)} Qa5 {
(00:16)} 17. Nd6 {(02:17)} Bxd6 {(03:40)} 18. Rxd6 {
(00:02)} Ng4 {(01:07)} 19. Bb6 {(02:13)} Qg5 {(03:
59)} 20. Rad1 {(01:54)} e5 {(00:45)} 21. Qd2 {(05:15)}
Qxd2 {(00:26)} 22. R1xd2 {(00:14)} e4 {(00:09)} 23. Bxe4 {
(02:41)} Nf6 {(00:17)} 24. Rd8 {(04:34)} Bh3 {(00:
12)} 25. Rxa8 {(00:37)} Rxa8 {(00:02)} 26. Bxb7 {(00:39)}
Re8 {(01:44)} 27. Rd8 {(00:17)} Rxd8 {(01:05)} 28. Bxd8 {
(00:02)} Nd7 {(00:10)} 29. Bxa6 {(03:42)} Kf8 {(00:
08)} 30. b4 {(04:07)} Ke8 {(00:06)} 31. Ba5 {(00:30)} Nb8
{(00:14)} 32. Bb5+ {(00:14)} Ke7 {(00:10)} 33. Bc7 {
(00:52)} Nd7 {(00:11)} 34. a4 {(00:29)} Bg4 {(00:
22)} 35. Kg2 {(01:39)} Nf8 {(00:17)} 36. a5 {(05:59)} Bd7
{(00:27)} 37. Bxd7 {(01:27)} Kxd7 {(00:09)} 38. Bf4 {
(00:33)} Ne6 {(00:25)} 39. a6 {(00:46)} Kc8 {(00:
14)} 40. b5 {(00:00)} g5 {(00:00)} 41. Bd6 {(02:08)} Nd4 {
(01:16)} 42. b6 {(00:46)} Nc6 {(01:08)} 43. b7+ {(
00:14)} Kd7 {(00:09)} 44. b8=Q {(00:11)} Nxb8 {(00:56)}
45. Bxb8 {(00:01)} 1-0

[Event "42nd Olympiad Baku 2016 Open"]
[Site "Baku"]
[Date "2016.09.04"]
[Round "3.14"]
[White "Laurusas, Tomas"]
[Black "Calicoca, Wilton Inacio"]
[Result "1-0"]
[ECO "A46"]
[WhiteElo "2437"]
[BlackElo "2190"]
[Annotator ""]
[PlyCount "179"]
[EventDate "2016.??.??"]
[EventCountry "AZE"]
[SourceTitle "playchess.com"]
[Source "ChessBase"]
[WhiteTeam "Lithuania"]
[BlackTeam "Mozambique"]
[WhiteTeamCountry "LTU"]
[BlackTeamCountry "MOZ"]
[TimeControl "40/5400+30:1800+30"]

1. d4 {(01:42)} Nf6 {(00:00)} 2. Nf3 {(00:41)} c6 {
(00:00)} 3. g3 {(02:21)} d6 {(00:02)} 4. Bg2 {(00:
35)} Bg4 {(03:10)} 5. Nbd2 {(01:12)} Qc7 {(00:15)} 6. h3 {
(00:29)} Bh5 {(00:30)} 7. O-O {(00:16)} Nbd7 {(00:
10)} 8. b3 {(01:48)} e5 {(01:43)} 9. e4 {(00:07)} Be7 {
(11:48)} 10. Bb2 {(03:27)} O-O {(00:32)} 11. a4 {(
04:59)} b5 {(00:58)} 12. Qe2 {(02:06)} a6 {(02:20)} 13.
Rfe1 {(12:26)} Rfe8 {(00:56)} 14. Qf1 {(00:20)} Bf8 {
(01:09)} 15. c4 {(08:01)} Rab8 {(08:00)} 16. axb5 {
(22:19)} axb5 {(00:07)} 17. Rec1 {(00:04)} bxc4 {(
35:54)} 18. Qxc4 {(00:18)} Bxf3 {(00:22)} 19. Bxf3 {(02:
36)} exd4 {(00:35)} 20. Qxd4 {(00:03)} Nc5 {(05:50)} 21.
Qc4 {(07:51)} Nfd7 {(07:02)} 22. Qc2 {(04:49)} Qb7 23. Ra3
{(04:41)} Ne5 {(04:31)} 24. Be2 {(03:03)} Ra8 {(04:
03)} 25. Rxa8 {(04:43)} Rxa8 {(00:04)} 26. Bc3 {(01:52)}
Ne6 {(03:17)} 27. Qb2 {(03:24)} Ng6 {(01:49)} 28. Bf3 {
(00:54)} Qd7 {(01:25)} 29. Bg2 {(01:20)} Rb8 {(00:
55)} 30. h4 {(00:34)} Ne7 {(00:41)} 31. Rd1 {(00:38)} Nc5
{(01:15)} 32. Qc2 {(00:02)} Qb7 {(01:12)} 33. b4 {(
01:07)} Na6 {(00:12)} 34. Rb1 {(00:01)} Nc7 {(00:27)} 35.
Nc4 {(00:32)} Nb5 {(00:17)} 36. Bb2 {(00:32)} d5 {(
02:06)} 37. Na5 {(00:07)} Qb6 {(00:40)} 38. Be5 {(01:18)}
Rd8 {(01:17)} 39. Rc1 {(01:41)} d4 {(00:38)} 40. h5 {
(00:00)} h6 {(00:00)} 41. Bf1 {(13:02)} Nc3 {(16:
33)} 42. Nb3 {(00:05)} Qxb4 {(04:09)} 43. Nxd4 {(00:07)}
Nb5 {(05:30)} 44. Nxb5 {(03:34)} cxb5 {(00:09)} 45. Rb1 {
(00:02)} Qa4 {(01:08)} 46. Rb3 {(05:03)} Rd2 {(02:
21)} 47. Qb1 {(01:08)} Qa7 {(02:44)} 48. Qe1 {(00:31)} Qa2
{(00:05)} 49. Rxb5 {(00:35)} Nc6 {(00:05)} 50. Bc3 {
(02:49)} Nd4 {(00:16)} 51. Qe3 {(04:12)} Nxb5 {(02:
08)} 52. Bxd2 {(00:06)} Nc7 {(00:26)} 53. Qc3 {(00:41)}
Ne6 {(00:14)} 54. Be3 {(00:04)} Qb1 {(00:34)} 55. e5 {
(01:29)} Qf5 {(01:13)} 56. Be2 {(00:02)} Ng5 {(01:
22)} 57. Bd4 {(04:58)} Qb1+ {(01:36)} 58. Kh2 {(00:53)}
Qf5 {(00:28)} 59. Qe3 {(01:48)} Ne6 {(00:55)} 60. Bb6 {
(00:07)} Qc2 {(00:42)} 61. Bd3 {(00:06)} Qd1 {(00:
20)} 62. Be2 {(01:08)} Qc2 {(00:21)} 63. Bd3 {(03:26)} Qd1
{(00:04)} 64. Qe2 {(00:10)} Qxe2 {(00:17)} 65. Bxe2 {
(00:02)} Bc5 {(00:12)} 66. Bxc5 {(00:01)} Nxc5 {(
00:01)} 67. Kg2 {(00:12)} Kf8 {(00:06)} 68. Kf3 {(00:12)}
Ke7 {(01:38)} 69. Kf4 {(00:10)} Ne6+ {(00:17)} 70. Ke4 {
(00:05)} Nc5+ {(00:46)} 71. Kf5 {(00:02)} Ne6 {(00:
20)} 72. Bc4 {(00:08)} Nd4+ {(00:19)} 73. Ke4 {(00:07)}
Nc6 {(00:44)} 74. Bd5 {(00:30)} Nb8 {(00:51)} 75. f4 {
(00:19)} Nd7 {(01:16)} 76. Kf5 {(00:01)} Nc5 {(00:
20)} 77. g4 {(00:15)} Nd3 {(00:52)} 78. Bc4 {(01:51)} Nc5
{(00:08)} 79. g5 {(00:06)} Kf8 {(01:15)} 80. g6 fxg6+ {
(00:07)} 81. Kxg6 {(03:25)} Nd7 {(00:45)} 82. Bb5 {
(00:12)} Nc5 {(00:03)} 83. f5 {(00:16)} Ne4 {(00:
19)} 84. Bc4 {(01:15)} Nc5 {(00:06)} 85. f6 {(01:02)} gxf6
{(00:09)} 86. exf6 {(00:01)} Nd7 {(01:34)} 87. Bd5 {
(00:14)} Ne5+ {(00:57)} 88. Kxh6 {(00:02)} Ng4+ {(
00:26)} 89. Kg5 {(00:14)} Ne5 {(00:32)} 90. h6 {(00:07)}
1-0

[Event "42nd Olympiad Baku 2016 Open"]
[Site "Baku"]
[Date "2016.09.04"]
[Round "3.19"]
[White "Liu, Yeh Yang"]
[Black "Sair Soyar Ahmad"]
[Result "1-0"]
[ECO "B40"]
[WhiteElo "2009"]
[BlackElo "1715"]
[Annotator ""]
[PlyCount "55"]
[EventDate "2016.??.??"]
[EventCountry "AZE"]
[SourceTitle "playchess.com"]
[Source "ChessBase"]
[WhiteTeam "Taiwan"]
[BlackTeam "Afghanistan"]
[WhiteTeamCountry "TPE"]
[BlackTeamCountry "AFG"]
[TimeControl "40/5400+30:1800+30"]

1. e4 {(00:00)} c5 {(00:00)} 2. Nf3 {(00:00)} e6 {(
00:28)} 3. d4 {(00:00)} cxd4 {(00:14)} 4. Nxd4 {(00:00)}
Nf6 {(00:24)} 5. Bd3 {(00:00)} Nc6 {(01:37)} 6. Nxc6 {
(01:41)} bxc6 {(00:35)} 7. O-O {(00:36)} Be7 {(00:
24)} 8. e5 {(00:26)} Nd5 {(00:37)} 9. Qg4 {(00:58)} g6 {
(02:11)} 10. Bh6 {(02:44)} Bf8 {(00:25)} 11. Bxf8 {
(00:31)} Rxf8 {(00:28)} 12. Nd2 {(00:09)} f5 {(03:
24)} 13. Qf3 {(04:55)} Nb6 {(01:20)} 14. Rad1 {(01:24)}
Qc7 {(00:24)} 15. Rfe1 {(01:51)} Bb7 {(00:31)} 16. Nc4 {
(01:23)} Nxc4 {(00:49)} 17. Bxc4 {(00:02)} O-O-O {(
00:47)} 18. Qa3 {(01:36)} Kb8 {(04:35)} 19. Re3 {(02:54)}
Rf7 {(03:29)} 20. Qc5 {(04:39)} g5 {(05:04)} 21. Rb3 {
(00:59)} Ka8 {(02:12)} 22. Ra3 {(00:02)} Bc8 {(06:
44)} 23. Rdd3 {(00:08)} Rg8 {(05:32)} 24. Ra4 {(02:06)}
Rg6 {(11:35)} 25. Rda3 {(00:32)} d5 {(04:35)} 26. exd6 {
(00:02)} Qd7 {(00:41)} 27. Bb5 {(01:38)} cxb5 {(02:
39)} 28. Rxa7+ {(00:07)} 1-0

[Event "42nd Olympiad Baku 2016 Open"]
[Site "Baku"]
[Date "2016.09.04"]
[Round "3.33"]
[White "Lodhi, Mahmood"]
[Black "Pancevski, Filip"]
[Result "0-1"]
[ECO "A81"]
[WhiteElo "2334"]
[BlackElo "2503"]
[Annotator ""]
[PlyCount "104"]
[EventDate "2016.??.??"]
[EventCountry "AZE"]
[SourceTitle "playchess.com"]
[Source "ChessBase"]
[WhiteTeam "Pakistan"]
[BlackTeam "Macedonia"]
[WhiteTeamCountry "PAK"]
[BlackTeamCountry "MKD"]
[TimeControl "40/5400+30:1800+30"]

1. d4 {(00:00)} f5 {(00:00)} 2. g3 {(00:19)} Nf6 {(
00:00)} 3. Bg2 {(00:05)} d6 {(00:00)} 4. Nh3 {(00:18)} g6
{(01:00)} 5. O-O {(00:16)} Bg7 {(00:04)} 6. c4 {(
00:43)} O-O {(00:06)} 7. d5 {(02:51)} Nbd7 {(01:56)} 8.
Nd2 {(07:59)} Ne5 {(10:20)} 9. Qc2 {(05:14)} Bd7 {(
04:11)} 10. Nb3 {(02:44)} c5 {(11:50)} 11. dxc6 {(01:39)}
bxc6 {(02:32)} 12. Nd4 {(04:16)} Qc8 {(17:10)} 13. Ng5 {
(12:30)} h6 {(02:20)} 14. Ngf3 {(00:34)} Nf7 {(00:
50)} 15. Rd1 {(11:15)} Rb8 {(04:26)} 16. Nh4 {(07:11)} Nh8
{(06:56)} 17. Nb3 {(02:55)} g5 {(01:53)} 18. Nf3 {(
00:24)} Nf7 {(00:54)} 19. h4 {(04:59)} g4 {(07:16)} 20.
Ne1 {(00:13)} e5 {(01:37)} 21. Nd3 {(01:27)} Nh5 {(
05:42)} 22. Be3 {(04:48)} Qc7 {(04:55)} 23. Qd2 {(01:32)}
Be6 {(04:23)} 24. Rac1 {(02:11)} c5 {(01:51)} 25. Rc2 {
(09:20)} Qd8 {(03:32)} 26. Qe1 {(07:27)} Qf6 {(00:
40)} 27. Bc1 {(01:07)} Nh8 {(01:45)} 28. e3 {(01:06)} Ng6
{(01:07)} 29. Nd2 {(00:06)} Qf7 {(01:04)} 30. b3 {(
00:34)} a5 {(01:28)} 31. Nb2 {(00:34)} Rbd8 {(01:55)} 32.
Na4 {(01:43)} e4 {(01:28)} 33. Nb1 {(01:06)} Ne5 {(
00:09)} 34. Rcd2 {(00:59)} Qe7 {(00:40)} 35. Nbc3 {(01:26]
} Nf3+ {(00:28)} 36. Bxf3 {(00:06)} gxf3 {(00:02)} 37. Nd5
{(00:55)} Bxd5 {(00:56)} 38. Rxd5 {(00:07)} Be5 {(
00:39)} 39. Qf1 {(01:52)} Nf6 {(00:25)} 40. R5d2 {(00:00)}
f4 {(00:00)} 41. exf4 {(01:42)} Bxf4 42. gxf4 {(16:16)}
Qe6 {(06:38)} 43. Kh1 {(00:50)} Kh7 {(02:20)} 44. f5 {
(01:54)} Qxf5 {(02:01)} 45. Rd5 {(01:03)} Nxd5 {(
00:51)} 46. Rxd5 {(00:06)} Qg6 {(09:28)} 47. Qh3 {(12:03)}
Rg8 {(01:37)} 48. Qf5 {(01:14)} Qxf5 {(00:27)} 49. Rxf5 {
(00:01)} Rg2 {(00:11)} 50. Rf7+ {(01:04)} Kg6 {(00:
46)} 51. Rf4 {(00:02)} Rg8 {(03:00)} 52. Nc3 {(02:03)} Kh5
{(00:45)} 0-1

[Event "42nd Olympiad Baku 2016 Open"]
[Site "Baku"]
[Date "2016.09.04"]
[Round "3.10"]
[White "Luxama, Jacques Muller"]
[Black "Kavinda, Akila"]
[Result "0-1"]
[ECO "A41"]
[WhiteElo "2024"]
[BlackElo "2020"]
[Annotator ""]
[PlyCount "154"]
[EventDate "2016.??.??"]
[EventCountry "AZE"]
[SourceTitle "playchess.com"]
[Source "ChessBase"]
[WhiteTeam "Haiti"]
[BlackTeam "Sri Lanka"]
[WhiteTeamCountry "HAI"]
[BlackTeamCountry "SRI"]
[TimeControl "40/5400+30:1800+30"]

1. d4 {(00:00)} d6 {(00:00)} 2. c4 {(00:46)} e5 {(
00:00)} 3. dxe5 {(00:28)} dxe5 {(00:00)} 4. Qxd8+ {(00:26]
} Kxd8 {(00:00)} 5. Nc3 {(00:21)} Be6 {(00:52)} 6. e4 {
(00:36)} c6 {(00:55)} 7. Bd2 {(00:50)} g6 {(10:04)}
8. O-O-O {(00:34)} Kc7 {(00:16)} 9. Nf3 {(01:29)} f6 {
(00:24)} 10. Be2 {(01:48)} Nd7 {(03:30)} 11. Ne1 {(
00:34)} a5 {(24:05)} 12. Nc2 {(00:40)} Nc5 {(02:09)} 13.
Be3 {(01:52)} Bh6 {(04:23)} 14. Kb1 {(01:47)} Bxe3 {
(00:21)} 15. Nxe3 {(00:15)} Nh6 {(03:28)} 16. g4 {(
09:55)} Nf7 {(02:11)} 17. f3 {(01:19)} Rad8 {(05:17)} 18.
Kc2 {(01:33)} Bc8 {(08:00)} 19. Rxd8 {(02:56)} Rxd8 {
(03:11)} 20. Rd1 {(00:57)} Rxd1 {(03:41)} 21. Bxd1 {
(01:44)} Ng5 {(00:11)} 22. a3 {(03:28)} Nce6 {(00:
49)} 23. Kd3 {(03:44)} Nf4+ {(06:47)} 24. Kd2 {(00:56)}
Nge6 {(03:05)} 25. Ne2 {(01:40)} Nxe2 {(03:02)} 26. Bxe2 {
(00:20)} Nd4 {(00:20)} 27. Nc2 {(03:55)} Kd6 {(04:
02)} 28. b4 {(04:28)} axb4 {(02:38)} 29. axb4 {(00:42)} c5
{(08:16)} 30. b5 {(03:07)} Be6 {(00:23)} 31. Ne3 {(
04:13)} h6 {(00:42)} 32. h3 {(02:11)} f5 {(01:40)} 33. Bd1
{(16:37)} fxe4 {(01:12)} 34. fxe4 {(00:15)} Bf7 {(
00:19)} 35. h4 {(02:11)} Ne6 {(00:36)} 36. Be2 {(02:01)}
Nf4 {(00:14)} 37. Bf1 {(01:54)} Be6 {(00:35)} 38. Kc3 {
(03:09)} h5 {(00:40)} 39. g5 {(01:52)} Bg4 {(00:16]
} 40. Kd2 {(00:00)} Bf3 {(00:00)} 41. Bd3 {(04:01)} Bh1 {
(09:44)} 42. Bb1 {(16:43)} Bf3 {(01:50)} 43. Bd3 {(
07:06)} Bg4 {(01:36)} 44. Bf1 {(04:45)} Bd7 {(01:32)} 45.
Bg2 {(02:29)} Be8 {(02:45)} 46. Bf1 {(02:43)} Ne6 {
(02:01)} 47. Be2 {(03:32)} Nd4 {(00:09)} 48. Bd1 {(
00:40)} Bf7 {(02:37)} 49. Ke1 {(00:35)} Kc7 {(01:56)} 50.
Kd2 {(00:54)} Be6 {(00:10)} 51. Kc3 {(02:07)} Bh3 {
(00:59)} 52. Nd5+ {(01:21)} Kd6 {(00:06)} 53. Ne3 {
(00:37)} Ne6 {(02:35)} 54. Bf3 {(01:27)} Nf4 {(01:
47)} 55. Kd2 {(01:29)} Kd7 {(02:07)} 56. Kc3 {(01:10)} Ne6
{(00:39)} 57. Bd1 {(01:30)} Ng7 {(01:07)} 58. Bf3 {
(00:38)} Ne8 {(00:20)} 59. Kd2 {(01:02)} Nd6 {(00:
37)} 60. Kc3 {(00:43)} Be6 {(00:08)} 61. Kd3 {(01:39)} Kc7
{(02:51)} 62. Kc3 {(01:13)} Kb6 {(01:59)} 63. Kd3 {
(00:59)} Ka5 {(00:25)} 64. Kc3 {(00:15)} Ka4 {(00:
43)} 65. Nd5 {(00:30)} Ka3 {(01:38)} 66. Ne3 {(03:25)} Ka2
{(00:36)} 67. Nd5 {(00:44)} Kb1 {(00:28)} 68. Ne3 {
(00:09)} Kc1 {(00:15)} 69. Nd5 {(00:07)} Bxd5 {(01:
08)} 70. exd5 {(00:09)} e4 {(00:16)} 71. Bxh5 {(02:28)}
gxh5 {(00:07)} 72. g6 {(00:01)} Nf5 {(00:17)} 73. d6 {
(00:09)} e3 {(00:03)} 74. d7 {(00:11)} e2 {(00:05)}
75. d8=Q e1=Q+ {(00:09)} 76. Kb3 {(01:09)} Qb4+ {(00:14)}
77. Ka2 {(00:03)} Qa4# {(00:06)} 0-1

[Event "42nd Olympiad Baku 2016 Open"]
[Site "Baku"]
[Date "2016.09.04"]
[Round "3.13"]
[White "Mabrouk, Fathi"]
[Black "Nadir, Samir"]
[Result "1-0"]
[ECO "A11"]
[WhiteElo "2145"]
[BlackElo "2199"]
[Annotator ""]
[PlyCount "108"]
[EventDate "2016.??.??"]
[EventCountry "AZE"]
[SourceTitle "playchess.com"]
[Source "ChessBase"]
[WhiteTeam "Tunisia"]
[BlackTeam "Sudan"]
[WhiteTeamCountry "TUN"]
[BlackTeamCountry "SUD"]
[TimeControl "40/5400+30:1800+30"]

1. c4 {(00:00)} c6 {(00:03)} 2. Qa4 {(02:27)} e5 {(
01:10)} 3. Nc3 {(01:27)} Nf6 {(00:21)} 4. Nf3 {(01:03)} d6
{(02:13)} 5. g3 {(06:04)} Nbd7 {(03:13)} 6. Bg2 {(
00:19)} Be7 {(00:22)} 7. d3 {(02:06)} O-O {(00:44)} 8. O-O
{(00:09)} Re8 {(11:55)} 9. Qc2 {(08:11)} a5 {(11:
19)} 10. Rb1 {(04:34)} Qc7 {(04:19)} 11. d4 {(03:21)} Bf8
{(02:01)} 12. e4 {(06:59)} g6 {(05:31)} 13. h3 {(
05:07)} Bg7 {(03:00)} 14. dxe5 {(03:37)} dxe5 {(01:38)}
15. Be3 {(00:31)} Bf8 {(05:09)} 16. Na4 {(01:16)} b6 {
(01:57)} 17. Rfd1 {(10:03)} Nc5 {(07:05)} 18. Ne1 {
(07:29)} Nxa4 {(06:37)} 19. Qxa4 {(01:17)} Bb7 {(
08:54)} 20. c5 {(06:30)} b5 {(00:10)} 21. Qc2 {(00:23)}
Bc8 {(03:14)} 22. b3 {(07:16)} Be6 {(01:39)} 23. Rd2 {
(07:22)} Rad8 {(03:23)} 24. Rbd1 {(00:56)} Rxd2 {(
00:24)} 25. Rxd2 {(00:36)} Qa7 {(01:34)} 26. Nd3 {(03:49)}
Nd7 {(01:01)} 27. a3 {(01:16)} Rc8 {(04:45)} 28. f4 {
(03:37)} Bg7 {(05:01)} 29. Rf2 {(01:33)} a4 {(01:
03)} 30. b4 {(00:47)} Bb3 {(00:37)} 31. Qb1 {(01:05)} Rd8
{(00:52)} 32. f5 {(00:54)} Qc7 {(01:58)} 33. g4 {(
01:28)} f6 {(01:15)} 34. h4 {(01:25)} Nf8 {(01:03)} 35.
Rd2 {(00:19)} Bc4 {(00:30)} 36. Nf2 {(01:08)} Rxd2 {
(00:24)} 37. Bxd2 {(00:06)} Qd7 {(00:42)} 38. Be3 {
(00:25)} h5 {(00:29)} 39. Bf3 {(00:50)} gxf5 {(00:
24)} 40. gxf5 {(00:00)} Bf7 {(00:00)} 41. Nh1 {(11:37)}
Kh7 {(02:28)} 42. Qc1 {(00:22)} Qd3 {(02:47)} 43. Kf2 {
(01:15)} Nd7 {(09:13)} 44. Ng3 {(03:58)} Nb8 {(01:
52)} 45. Be2 {(00:55)} Qb3 {(09:20)} 46. Nxh5 {(00:53)}
Qa2 {(03:35)} 47. Nxg7 {(01:57)} Bc4 {(00:51)} 48. Bd2 {
(04:00)} Bxe2 {(01:40)} 49. Kxe2 {(03:04)} Kxg7 {(
00:34)} 50. Qg1+ {(00:50)} Kf8 {(01:23)} 51. h5 {(03:13)}
Qg8 {(01:53)} 52. Bh6+ {(00:00)} Kf7 {(00:36)} 53. Qg6+ {
(00:00)} Qxg6 {(00:38)} 54. fxg6+ {(00:05)} Kg8 {(
01:19)} 1-0

[Event "42nd Olympiad Baku 2016 Open"]
[Site "Baku"]
[Date "2016.09.04"]
[Round "3.27"]
[White "Maccapani, Massimiliano"]
[Black "Soriano, Rudolph P"]
[Result "1/2-1/2"]
[ECO "D94"]
[WhiteElo "1971"]
[BlackElo "1787"]
[Annotator ""]
[PlyCount "136"]
[EventDate "2016.??.??"]
[EventCountry "AZE"]
[SourceTitle "playchess.com"]
[Source "ChessBase"]
[WhiteTeam "SMR"]
[BlackTeam "GUM"]
[WhiteTeamCountry "SMR"]
[TimeControl "40/5400+30:1800+30"]

1. d4 {(00:00)} d5 {(00:00)} 2. Nf3 {(00:00)} Nf6 {
(00:00)} 3. c4 {(00:00)} c6 {(00:32)} 4. e3 {(00:
10)} g6 {(00:36)} 5. Nc3 {(00:28)} Bg7 {(00:19)} 6. Bd3 {
(01:05)} O-O {(00:13)} 7. Qc2 {(00:57)} dxc4 {(01:
40)} 8. Bxc4 {(00:17)} Bf5 {(00:11)} 9. Bd3 {(04:26)} Bxd3
{(00:27)} 10. Qxd3 {(00:11)} Na6 {(00:56)} 11. O-O {
(01:01)} Nb4 {(02:09)} 12. Qe2 {(00:23)} e6 {(02:
32)} 13. a3 {(05:44)} Na6 {(01:14)} 14. Rd1 {(04:01)} Qa5
{(04:16)} 15. Ne5 {(07:27)} Rad8 {(02:04)} 16. Bd2 {
(03:49)} Qc7 {(01:04)} 17. Rac1 {(00:31)} Qd6 {(00:
45)} 18. Nc4 {(13:32)} Qe7 {(00:35)} 19. b4 {(05:46)} Nc7
{(02:12)} 20. a4 {(18:17)} a6 {(03:26)} 21. Nb6 {(
11:02)} Ncd5 {(02:00)} 22. Nbxd5 {(00:48)} exd5 {(01:34)}
23. b5 {(00:24)} axb5 {(00:55)} 24. axb5 {(00:06)} Rfe8 {
(01:41)} 25. bxc6 {(00:29)} bxc6 {(00:30)} 26. Na4 {
(00:29)} Rc8 {(00:46)} 27. Nc5 {(02:36)} h5 {(02:
17)} 28. h3 {(00:31)} Nh7 {(00:51)} 29. Qa6 {(01:33)} Nf8
{(03:30)} 30. Nd3 {(00:50)} Qd7 {(02:06)} 31. Rc2 {
(01:08)} Rc7 {(02:50)} 32. Rdc1 {(00:07)} Rec8 {(
01:11)} 33. Nb4 {(03:11)} Ra7 {(03:18)} 34. Qd3 {(00:06)}
Rac7 {(00:42)} 35. Qb3 {(00:52)} Ne6 {(00:51)} 36. Na6 {
(02:36)} Ra7 {(02:00)} 37. Nc5 {(01:16)} Nxc5 {(00:
49)} 38. Rxc5 {(00:05)} Bf8 {(00:43)} 39. Ra5 {(00:54)}
Rb7 {(00:49)} 40. Qa4 {(00:00)} Bd6 {(00:00)} 41. Ra6 {
(02:33)} Kg7 {(09:03)} 42. Be1 {(05:59)} Rbc7 {(03:
52)} 43. Ra8 {(09:57)} Rxa8 {(02:35)} 44. Qxa8 {(00:09)}
Rc8 {(01:43)} 45. Qa4 {(00:14)} Qb7 {(01:07)} 46. Qa2 {
(01:54)} Bb8 {(03:09)} 47. Qc2 {(02:04)} Qc7 {(01:
24)} 48. g3 {(00:08)} Qd7 {(01:18)} 49. Kg2 {(00:11)} Qe6
{(00:16)} 50. Qe2 {(01:07)} Bd6 {(01:07)} 51. Qf3 {
(00:29)} Be7 {(00:30)} 52. Rb1 {(02:37)} Bf6 {(03:
26)} 53. Rd1 {(02:02)} Rb8 {(01:27)} 54. h4 {(03:51)} Rb3
{(01:09)} 55. Qf4 {(01:25)} Rb7 {(01:23)} 56. Qf3 {
(00:26)} Rb2 {(00:41)} 57. Bd2 {(00:55)} Rc2 {(00:
23)} 58. Bb4 {(00:48)} Rb2 {(02:57)} 59. Bc5 {(00:22)} Rb7
{(05:27)} 60. Ra1 {(00:19)} Rd7 {(03:20)} 61. Ra8 {
(00:14)} Bd8 {(00:20)} 62. Qf4 {(02:31)} f6 {(04:
00)} 63. Ra7 {(00:51)} Rxa7 {(01:20)} 64. Bxa7 Qd7 {(01:
10)} 65. Bc5 {(00:03)} Bc7 {(00:06)} 66. Qf3 {(00:09)} Qe6
{(01:03)} 67. Bb4 {(00:01)} Kf7 {(00:09)} 68. Bc5 {
(00:12)} Bd6 1/2-1/2